 Dungeon Sprint DCSS version 0.16-a0-3761-g2321f2b (console) character file.

330 Monkaria the Grappler (level 6, 0/71 HPs)
             Began as a Troll Fighter on Jan 24, 2015.
             Slain by Sonja
             ... wielding a +0 short sword of distortion
              (1 damage)
             ... in the Dungeon (Sprint I: "Red Sonja").
             The game lasted 00:01:34 (338 turns).

Monkaria the Grappler (Troll Fighter)                Turns: 338, Time: 00:01:35

Health: 0/71       AC:  5    Str: 27    XL:     6   Next: 26%
Magic:  3/3        EV:  7    Int:  4    God:
Gold:   316        SH:  9    Dex:  9    Spells: 0 memorised, 5 levels left

rFire  . . .     SeeInvis .       - Unarmed
rCold  . . .     Clarity  .     b - +0 robe
rNeg   . . .     SustAb   .     c - +0 shield
rPois  .         Gourm    +     (helmet restricted)
rElec  .         Spirit   .     (no cloak)
rCorr  .         Warding  .     (gloves unavailable)
rMut   .         NoTele   +     (boots unavailable)
MR     .....                    (no amulet)
Stlth  +.........               (no ring)
                                (no ring)

@: very slightly contaminated, hasted, very quick, not resistant to hostile
enchantments, very unstealthy
A: unfitting armour, claws 3, fast metabolism 3, gourmand, regeneration 2,
shaggy fur 1, tough skin 2
a: no special abilities


You were in the Dungeon.
You were completely stuffed.

You visited 1 branch You collected 316 gold pieces.

Inventory:

Armour
 b - a +0 robe (worn)
 c - a +0 shield (worn)
Scrolls
 j - a scroll of blinking
Potions
 d - 2 potions of curing
 e - a potion of might
 h - 2 potions of magic
 i - a potion of berserk rage
Comestibles
 a - 2 meat rations
 k - 3 chunks of flesh


   Skills:
 + Level 7.3 Fighting
 - Level 2.4 Armour
 - Level 2.4 Shields
 - Level 10.6 Unarmed Combat


You had 5 spell levels left.
You didn't know any spells.

Dungeon Overview and Level Annotations

Branches:
Dungeon (1/1)

Altars:
Elyvilon
Gozag
Kikubaaqudgha
Makhleb
Nemelex Xobeh
Okawaru
Qazlal
Ru
Sif Muna
Trog
Vehumet
Xom
Yredelemnul
Zin
The Shining One

Shops:
D :

Annotations:
D Sonja


Innate Abilities, Weirdness & Mutations

You are too large for most types of armour.
You have claws for hands.
Your metabolism is lightning-fast.
You like to eat raw meat.
You heal very quickly.
You are covered in fur (AC +1).
You have very tough skin (AC +2).


Message History

You are very lightly contaminated with residual magic.
There is an open door here.
You see here a curare-tipped needle.
Your shield prevents you from hitting Sonja.
Sonja unwields an uncursed blowgun.
Sonja wields an uncursed short sword of distortion.
Its appearance distorts for a moment.
Sonja barely misses you. Sonja hits you but does no damage.
Space warps horribly around you!
Sonja hits you with an uncursed short sword of distortion.
Space bends around you.
* * * LOW HITPOINT WARNING * * *
You scratch Sonja.
Sonja begins to bleed from her wounds!
Sonja is moderately wounded.
Sonja hits you with an uncursed short sword of distortion.
* * * LOW HITPOINT WARNING * * *
Space warps horribly around you!
* * * LOW HITPOINT WARNING * * *
You block Sonja's attack.
Sonja hits you with an uncursed short sword of distortion.
You die...

#<.#..').#..'..#
#..').#..').#..+
#..#####'#####'#
#..####..#...#.####
#..#__####..##)#§§§§
#..#_..__##'#..+§§§§
#⌠⌠#_.∩...'..._#
####_..._##_K#'#
#_____###@#.#
####### #.### +$.$+
#$.$# ##.## #+#


You could see Sonja (bleeding).

Vanquished Creatures
  A yak (D)
  Sigmund (D)
  An ogre (D)
  A jelly (D)
  Ijyb (D)
5 creatures vanquished.

Vanquished Creatures (others)
  A gargoyle (D)
1 creature vanquished.

Grand Total: 6 creatures vanquished

Notes
Turn   | Place    | Note
--------------------------------------------------------------
     0 | D        | Monkaria, the Troll Fighter, began the quest for the Orb.
     0 | D        | Reached XP level 1. HP: 22/22 MP: 1/1
     1 | D        | Noticed Ijyb
    37 | D        | Killed Ijyb
    37 | D        | Reached skill level 5 in Unarmed Combat
    37 | D        | Reached XP level 2. HP: 26/29 MP: 1/1
    48 | D        | Noticed an ogre
    53 | D        | Killed an ogre
    53 | D        | Reached skill level 8 in Unarmed Combat
    53 | D        | Reached XP level 3. HP: 6/36 MP: 2/2
    53 | D        | Reached XP level 4. HP: 7/44 MP: 2/2
   121 | D        | Noticed Sigmund
   133 | D        | Killed Sigmund
   133 | D        | Reached skill level 10 in Unarmed Combat
   133 | D        | Reached XP level 5. HP: 23/50 MP: 2/2
   208 | D        | Found a deep blue altar of Sif Muna.
   209 | D        | Noticed a jelly
   210 | D        | Found a radiant altar of Vehumet.
   214 | D        | Killed a jelly
   218 | D        | Found Amoici's Book Emporium.
   218 | D        | Found a white marble altar of Elyvilon.
   218 | D        | Found a burning altar of Makhleb.
   218 | D        | Found a sacrificial altar of Ru.
   218 | D        | Found a glowing golden altar of the Shining One.
   218 | D        | Found an opulent altar of Gozag.
   218 | D        | Found a glowing silver altar of Zin.
   218 | D        | Noticed a yak
   224 | D        | Killed a yak
   224 | D        | Reached XP level 6. HP: 18/71 MP: 3/3
   225 | D        | Found a stormy altar of Qazlal.
   225 | D        | Found a basalt altar of Yredelemnul.
   225 | D        | Found an iron altar of Okawaru.
   225 | D        | Found a sparkling altar of Nemelex Xobeh.
   225 | D        | Found a shimmering altar of Xom.
   225 | D        | Found an ancient bone altar of Kikubaaqudgha.
   226 | D        | Killed a gargoyle
   246 | D        | Found a bloodstained altar of Trog.
   326 | D        | Noticed Sonja
   338 | D        | HP: 1/71 [Sonja/uncursed short sword of distortion (14)]
   338 | D        | Slain by Sonja

Action                   |  1- 3 |  4- 6 || total
-------------------------+-------+-------++-------
Melee: Unarmed           |    40 |    24 ||    64
  Use: Potion            |       |     2 ||     2
  Eat: Chunk             |     2 |     7 ||     9
